 Dungeon Crawl Stone Soup version 0.23-a0-612-gcb482e9 (webtiles) character file.

141 Borgoz the Ruffian (level 5, -7/45 HPs)
             Began as a Ghoul Gladiator on Dec 21, 2018.
             Mangled by Crazy Yiuf
             ... wielding a +4 quarterstaff of chaos
              (13 damage)
             ... on level 2 of the Dungeon.
             The game lasted 00:04:39 (1875 turns).

Borgoz the Ruffian (Ghoul Gladiator)                Turns: 1875, Time: 00:04:40

Health: -7/45      AC:  6    Str: 18    XL:     5   Next: 24%
Magic:  4/4        EV: 13    Int:  3    God:
Gold:   94         SH:  0    Dex: 11    Spells: 4/4 levels left

rFire    . . .     SeeInvis .     - Unarmed
rCold    + . .     Gourm    .   (no shield)
rNeg     + + +     Faith    .   a - +1 leather armour
rPois    ∞         Spirit   .   q - +1 helmet
rElec    .         Reflect  .   (no cloak)
rCorr    .         Harm     .   (no gloves)
MR       .....                  (no boots)
Stlth    +.........             (no amulet)
HPRegen  0.00/turn              (no ring)
MPRegen  0.09/turn              (no ring)

@: rotting
A: rotting body, claws 1, carnivore, cold resistance 1, negative energy
resistance 3, inhibited regeneration, torment resistance, unbreathing
a: no special abilities


You were on level 2 of the Dungeon.
You were not hungry.

You visited 1 branch of the dungeon, and saw 3 of its levels.

You collected 94 gold pieces.

Inventory:

Missiles
 c - 3 throwing nets (quivered)
Armour
 a - a +1 leather armour (worn)
 m - a +0 chain mail
 q - a +1 helmet (worn)
Scrolls
 j - 2 scrolls of teleportation
 k - 3 scrolls of remove curse
Potions
 e - 2 potions of flight
 i - a potion of heal wounds
 l - 2 potions of curing
 o - 2 potions of ambrosia
 p - a potion of haste
Comestibles
 d - 6 rations


   Skills:
 + Level 3.5 Fighting
 - Level 1.7 Throwing
 + Level 1.9 Armour
 + Level 3.4 Dodging
 + Level 4.2 Unarmed Combat


You had 4 spell levels left.
You didn't know any spells.
Your spell library was empty.

Dungeon Overview and Level Annotations

Branches:
Dungeon (3/15)

Altars:
Cheibriados
Dithmenos
Ru
Wu Jian
Yredelemnul
The Shining One

Annotations:
D:2 Crazy Yiuf


Innate Abilities, Weirdness & Mutations

Your body is rotting away.
You thrive on raw meat.
You are immune to poison.
You have sharp fingernails.
You are carnivorous and can eat meat at any time.
Your flesh is cold resistant. (rC+)
You are immune to negative energy. (rN+++)
You do not regenerate when monsters are visible.
You are immune to unholy pain and torment.
You can survive without breathing.


Message History

Crazy Yiuf barely misses you.
You feel less invigorated.
You feel less confused.
Crazy Yiuf hits you with a +4 quarterstaff of chaos!
Crazy Yiuf freezes you.
You scratch Crazy Yiuf.
Crazy Yiuf is almost dead.
Crazy Yiuf closely misses you.
Crazy Yiuf hits you with a +4 quarterstaff of chaos.
* * * LOW HITPOINT WARNING * * *
You blink.
Crazy Yiuf hits you with a +4 quarterstaff of chaos.
* * * LOW HITPOINT WARNING * * *
You barely miss Crazy Yiuf.
Crazy Yiuf is almost dead.
Crazy Yiuf barely misses you.
You barely miss Crazy Yiuf.
Crazy Yiuf is almost dead.
Crazy Yiuf hits you with a +4 quarterstaff of chaos!
You die...

###..######...........##........#
..................#.............#
.....###.####.....#...###.#.....#
.....###.# ########### #######.#
.........#### #....#
.....##.)...# ####.#
#.......>...# ##### #######.#
#..#.##).#..# #)..### ##P#..##.#
#..#........# #.@g'.####......#.#
#...........# #...##..#.PP......#
.()..##+##### ########.#.##.###.#
...##.......# ######## #.#
...##.......# #.#
...##.......###################.#
#####........)#.#.##............#
##............#.#.##..#..########
##...##########.#.##..#..##


You could see Crazy Yiuf.

Vanquished Creatures
  Jessica (D:2)
  Robin (D:3)
  3 adders (D:2)
  2 oozes (D:2)
  2 worms (D:2)
  2 dart slugs
  2 leopard geckos (D:1)
  5 giant cockroaches
  17 goblins
  5 hobgoblins
  3 kobolds
  3 ball pythons (D:2)
  2 bats
  6 frilled lizards
  5 rats
  2 fungi (D:2)
61 creatures vanquished.

Notes
Turn   | Place    | Note
-------+----------+-------------------------------------------
     0 | D:1      | Borgoz the Ghoul Gladiator began the quest for the Orb.
     0 | D:1      | Reached XP level 1. HP: 17/17 MP: 0/0
   217 | D:1      | Reached XP level 2. HP: 22/25 MP: 1/1
   609 | D:1      | Reached skill level 1 in Armour
   609 | D:1      | Reached XP level 3. HP: 23/30 MP: 2/2
   790 | D:2      | Found a snail-covered altar of Cheibriados.
   817 | D:2      | Noticed Jessica
   821 | D:2      | Killed Jessica
   821 | D:2      | Reached XP level 4. HP: 30/38 MP: 3/3
   941 | D:2      | Noticed Robin
   967 | D:2      | Reached skill level 4 in Unarmed Combat
  1082 | D:3      | Killed Robin
  1203 | D:2      | Reached XP level 5. HP: 36/45 MP: 4/4
  1313 | D:2      | Found a sacrificial altar of Ru.
  1314 | D:2      | Found a glowing golden altar of the Shining One.
  1315 | D:2      | Found a shadowy altar of Dithmenos.
  1317 | D:2      | Found an ornate altar of the Wu Jian Council.
  1579 | D:2      | Found a basalt altar of Yredelemnul.
  1711 | D:2      | Found a runed door.
  1858 | D:2      | Noticed Crazy Yiuf
  1875 | D:2      | Mangled by Crazy Yiuf

Vault maps used:
D:1:      nzn_arrival_settlement
D:2:      overflow_temple_1_default, lemuel_crystal_altar,
          chequers_temple_overflow_statue_of_worship, first_ration,
          uniq_crazy_yiuf_cottage, uniq_robin, uniq_jessica
D:3:      fountainhead, ashenzari_altar_1

Skill      XL: |  1  2  3  4 |
---------------+-------------+-----
Dodging        | 3 |  3.4
Armour         | 1 |  1.9
Fighting       | 3 |  3.5
Unarmed Combat | 4 |  4.2
Throwing       | |  1.7

Action                   |  1- 3 |  4- 6 || total
-------------------------+-------+-------++-------
Melee: Unarmed           |    84 |   117 ||   201
       Punch             |     2 |     1 ||     3
  Use: Potion            |       |     3 ||     3
       Scroll            |       |     6 ||     6
  Eat: Chunk             |     4 |    16 ||    20
Armor: Leather armour    |    14 |    28 ||    42
Dodge: Dodged            |    44 |    67 ||   111

Table legend:
 A = Non-vault XP
 B = Vault XP
 C = Vault XP percentage of total XP
 D = Non-vault monster count
 E = Vault monster count
 F = Vault count percentage of total count
                 A         B        C        D         E       F
            +---------+---------+-------+---------+---------+-------
      Total |     130 |      72 |  35.6 |      46 |      13 |  22.0
            +---------+---------+-------+---------+---------+-------
        D:1 |      39 |       0 |   0.0 |      22 |       0 |   0.0
        D:2 |      88 |      42 |  32.3 |      22 |       4 |  15.4
        D:3 |       3 |      30 |  90.9 |       2 |       9 |  81.8
            +---------+---------+-------+---------+---------+-------
